 Dungeon Crawl Stone Soup version 0.28-a0-1429-gf3d713df7a (webtiles) character file.

Game seed: 12122188638089406439

1497 Gargoyl the Skirmisher (level 8, -1/67 HPs)
             Began as a Gnoll Abyssal Knight on Jan 8, 2022.
             Was a Believer of Lugonu.
             Slain by a wyvern zombie (6 damage)
             ... on level 5 of the Dungeon.
             The game lasted 00:07:31 (6485 turns).

Gargoyl the Skirmisher (Gnoll Abyssal Knight)       Turns: 6485, Time: 00:07:31

Health: -1/67      AC: 15    Str: 20    XL:     8   Next: 81%
Magic:  13/13      EV:  9    Int:  9    God:    Lugonu [**....]
Gold:   327        SH:  0    Dex: 14    Spells: 14/14 levels left

rFire   . . .      SeeInvis .   a - +2 hand axe
rCold   . . .      Faith    .   (no shield)
rNeg    . . .      Spirit   .   p - +3 chain mail
rPois   .          Reflect  .   (no helmet)
rElec   .          Harm     .   d - scarf {repulsion}
rCorr   .          Rampage  .   (no gloves)
Will    .....                   h - +1 pair of boots
Stlth   ..........              (no amulet)
HPRegen 0.21/turn               l - +6 ring of strength
MPRegen 0.13/turn               (no ring)

@: repel missiles
A: fangs 1, strong nose, distributed training
a: Renounce Religion, Depart the Abyss, Bend Space


You were on level 5 of the Dungeon.
You worshipped Lugonu.
Lugonu was pleased with you.
You visited 1 branch of the dungeon, and saw 5 of its levels.
You visited the Abyss 1 time.

You collected 327 gold pieces.

Inventory:

Hand Weapons
 a - a +2 hand axe (weapon)
Missiles
 b - 5 curare-tipped darts
 c - 3 poisoned darts (quivered)
Armour
 d - a scarf of repulsion (worn)
 h - a +1 pair of boots (worn)
 p - a +3 chain mail (worn)
Jewellery
 k - an amulet of regeneration
 l - a +6 ring of strength (left hand)
Scrolls
 e - 6 scrolls of identify
 g - a scroll of amnesia {unknown}
 j - a scroll of fear
 o - a scroll of vulnerability {unknown}
Potions
 f - a potion of invisibility
 m - a potion of brilliance
 n - a potion of curing


   Skills:
 + Level 7.5 Fighting
 + Level 3.6 Short Blades
 + Level 3.6 Long Blades
 + Level 5.9 Axes
 + Level 3.6 Maces & Flails
 + Level 3.6 Polearms
 + Level 3.6 Staves
 + Level 3.6 Slings
 + Level 3.6 Bows
 + Level 3.6 Crossbows
 + Level 3.6 Throwing
 + Level 5.9 Armour
 + Level 4.5 Dodging
 + Level 3.6 Stealth
 + Level 3.6 Shields
 + Level 3.6 Unarmed Combat
 + Level 3.6 Spellcasting
 + Level 2.9 Conjurations
 + Level 2.9 Hexes
 + Level 2.9 Summonings
 + Level 2.9 Necromancy
 + Level 2.9 Translocations
 + Level 2.9 Transmutations
 + Level 2.9 Fire Magic
 + Level 2.9 Ice Magic
 + Level 2.9 Air Magic
 + Level 2.9 Earth Magic
 + Level 2.9 Poison Magic
 + Level 6.1 Invocations
 + Level 3.6 Evocations


You had 14 spell levels left.
You didn't know any spells.
Your spell library contained the following spells:

 Spells                   Type           Power      Damage    Failure   Level
 Apportation              Tloc           12%        N/A       58%         1
 Shock                    Conj/Air       24%        1d4       58%         1
 Ensorcelled Hibernation  Hex/Ice        12%        N/A       75%         2
 Spider Form              Tmut/Pois      6%         N/A       92%         3
 Summon Guardian Golem    Hex/Summ       6%         N/A       92%         3
 Swiftness                Air            6%         N/A       92%         3
 Airstrike                Air            3%         N/A       100%        4
 Iskenderun's Mystic Bla  Conj/Tloc      6%         2d4       100%        4
 Summon Lightning Spire   Summ/Air       6%         N/A       100%        4


Dungeon Overview and Level Annotations

Branches:
Dungeon (5/15)
 Temple: D:4-7

Altars:

Shops:
D:1 (


Innate Abilities, Weirdness & Mutations

You have very sharp teeth.
Your uncanny sense of smell can sniff out nearby items.
Your experience applies equally to all skills.


Message History

The wyvern zombie bites you.
* * * LOW HITPOINT WARNING * * *
The wyvern zombie bites you.
* * * LOW HITPOINT WARNING * * *
Okay, then.
The wyvern zombie barely misses you.
The wyvern zombie bites you but does no damage.
You kill the two-headed ogre!
Lugonu accepts your kill.
Your Short Blades skill increases to level 3!
Your Long Blades skill increases to level 3!
Your Maces & Flails skill increases to level 3!
Your Polearms skill increases to level 3!
Your Staves skill increases to level 3!
Your Slings skill increases to level 3!
Your Bows skill increases to level 3!
Your Crossbows skill increases to level 3!
Your Throwing skill increases to level 3!
Your Stealth skill increases to level 3!
Your Shields skill increases to level 3!
Your Unarmed Combat skill increases to level 3!
Your Spellcasting skill increases to level 3!
Your Invocations skill increases to level 6!
Your Evocations skill increases to level 3!
Unknown command.
You feel better.
The wyvern zombie bites you but does no damage.
The wyvern zombie bites you.
* * * LOW HITPOINT WARNING * * *
The wyvern zombie barely misses you.
You slash the wyvern zombie!
The wyvern zombie is lightly damaged.
The wyvern zombie bites you but does no damage.
You hit the wyvern zombie.
The wyvern zombie is moderately damaged.
The wyvern zombie bites you!
* * * LOW HITPOINT WARNING * * *
You hit the wyvern zombie but do no damage.
The wyvern zombie is moderately damaged.
The wyvern zombie bites you.
You die...

....#....###'##...)....#.##....##
................###..............
....###.......### #.......###....
..### #.....### ##.....### #....
.# ##....## #.....## ##.... #
#....## ##...### #....# ##.(.##
#...## ##...## ##...## ##Z.##
##...## #...## ##@.## #...##
##..## ##..## ##..## ##(.##
##...# ##..## # ##..## ##...##
##...# ## #...# ##...## ##...##
##. ...## ##....# ###...## ###..
...# ##....## ##.....# ##[...
..## ###.....# ###......###..).(
(.# ###.......###................


You could see a wyvern zombie.

Vanquished Creatures
  A two-headed ogre (D:5)
  Grinder (D:4)
  An orc warrior (D:5)
  The ghost of fritzmikael the Conjurer, an amateur GnCj (D:3)
  A centaur (D:4)
  A phantom (D:4)
  A scorpion (D:4)
  A water moccasin skeleton (D:5)
  A hound (D:5)
  Crazy Yiuf (D:2)
  Jessica (D:3)
  Natasha (twice) (D:2)
  An iguana (D:4)
  A hound zombie (D:5)
  3 adders (D:3)
  An adder skeleton (D:5)
  2 worms
  A dart slug (D:5)
  4 orcs
  6 ball pythons
  3 endoplasms
  3 giant cockroaches
  13 goblins
  8 hobgoblins
  3 jackals
  3 quokkas
  6 bats
  8 kobolds
  8 rats
87 creatures vanquished.

Vanquished Creatures (collateral kills)
  A jackal (D:3)
1 creature vanquished.

Vanquished Creatures (others)
  15 plants (D:2)
15 creatures vanquished.

Grand Total: 103 creatures vanquished

Notes
Turn   | Place    | Note
-------+----------+-------------------------------------------
     0 | Abyss:1  | Gargoyl the Gnoll Abyssal Knight began the quest for the
                  | Orb.
     0 | Abyss:1  | Reached XP level 1. HP: 23/23 MP: 3/3
     9 | Abyss:1  | Noticed a crimson imp
     9 | Abyss:1  | Noticed a crimson imp
    10 | D:1      | Escaped the Abyss
    64 | D:1      | Reached * piety under Lugonu
   306 | D:1      | Reached XP level 2. HP: 29/29 MP: 5/5
   501 | D:1      | Found Othi's Weapon Shop.
   916 | D:2      | Found a faded altar of an unknown god.
   920 | D:2      | Reached XP level 3. HP: 32/35 MP: 6/6
  1274 | D:2      | Found a runed translucent door.
  1275 | D:2      | Noticed Crazy Yiuf
  1317 | D:2      | You fall into a shaft and drop 1 floor!
  1498 | D:3      | Reached skill level 1 in Short Blades
  1498 | D:3      | Reached skill level 1 in Long Blades
  1498 | D:3      | Reached skill level 1 in Maces & Flails
  1498 | D:3      | Reached skill level 1 in Polearms
  1498 | D:3      | Reached skill level 1 in Staves
  1498 | D:3      | Reached skill level 1 in Slings
  1498 | D:3      | Reached skill level 1 in Bows
  1498 | D:3      | Reached skill level 1 in Crossbows
  1498 | D:3      | Reached skill level 1 in Throwing
  1498 | D:3      | Reached skill level 1 in Stealth
  1498 | D:3      | Reached skill level 1 in Shields
  1498 | D:3      | Reached skill level 1 in Unarmed Combat
  1498 | D:3      | Reached skill level 1 in Spellcasting
  1498 | D:3      | Reached skill level 1 in Evocations
  1498 | D:3      | Reached XP level 4. HP: 25/41 MP: 7/7
  1708 | D:3      | Found a large runed translucent door.
  1709 | D:3      | Found a large runed translucent door.
  1711 | D:3      | Noticed fritzmikael's ghost (amateur GnCj)
  1829 | D:2      | Noticed Natasha
  1851 | D:2      | Killed Natasha
  2361 | D:2      | Reached skill level 1 in Conjurations
  2361 | D:2      | Reached skill level 1 in Hexes
  2361 | D:2      | Reached skill level 1 in Summonings
  2361 | D:2      | Reached skill level 1 in Necromancy
  2361 | D:2      | Reached skill level 1 in Translocations
  2361 | D:2      | Reached skill level 1 in Transmutations
  2361 | D:2      | Reached skill level 1 in Fire Magic
  2361 | D:2      | Reached skill level 1 in Ice Magic
  2361 | D:2      | Reached skill level 1 in Air Magic
  2361 | D:2      | Reached skill level 1 in Earth Magic
  2361 | D:2      | Reached skill level 1 in Poison Magic
  2587 | D:2      | Noticed Natasha
  2601 | D:2      | Killed Natasha
  2602 | D:2      | Reached XP level 5. HP: 25/47 MP: 8/8
  2839 | D:2      | Killed Crazy Yiuf
  3293 | D:3      | Got the Collected Works on Supportive Displacement
  3323 | D:3      | Noticed Jessica
  3326 | D:3      | Killed Jessica
  3405 | D:3      | Reached ** piety under Lugonu
  3873 | D:3      | Killed fritzmikael's ghost
  3874 | D:3      | Reached skill level 5 in Invocations
  3874 | D:3      | Reached XP level 6. HP: 36/53 MP: 9/9
  4040 | D:4      | Reached skill level 5 in Axes
  4040 | D:4      | Reached skill level 5 in Armour
  4485 | D:4      | Reached XP level 7. HP: 43/59 MP: 10/10
  4615 | D:4      | Reached skill level 7 in Fighting
  4925 | D:4      | Noticed Grinder
  4957 | D:4      | Paralysed by Grinder for 7 turns
  4968 | D:4      | Paralysed by Grinder for 2 turns
  4975 | D:4      | Killed Grinder
  5614 | D:5      | Entered Level 5 of the Dungeon
  6035 | D:5      | Reached XP level 8. HP: 22/67 MP: 12/12
  6354 | D:5      | Noticed a two-headed ogre
  6476 | D:5      | Killed a two-headed ogre
  6485 | D:5      | Slain by a wyvern zombie

Illustrated notes

Levels and vault maps discovered:
D:1:      dpeg_arrival_rooms_with_view, layout_basic, serial_shops,
          nicolae_shop_bloodbath_and_beyond
D:2:      layout_basic, chequers_ecumenical_altar_simple, serial_bayou_lake_a,
          uniq_natasha, uniq_crazy_yiuf_cottage
D:3:      kennysheep_the_goblin_king, layout_basic, ebering_ghost_disaster_area,
          uniq_jessica
D:4:      layout_loops_corners, grunt_decor_one_mirror, uniq_grinder
D:5:      minmay_thick_lines, layout_gridville, kennysheep_generic_room_12,
          uniq_duvessa

Skill      XL: |  1  2  3  4  5  6  7  8 |
---------------+-------------------------+-----
Short Blades   | 1 2 3 |  3.6
Long Blades    | 1 2 3 |  3.6
Maces & Flails | 1 2 3 |  3.6
Polearms       | 1 2 3 |  3.6
Staves         | 1 2 3 |  3.6
Slings         | 1 2 3 |  3.6
Bows           | 1 2 3 |  3.6
Crossbows      | 1 2 3 |  3.6
Throwing       | 1 2 3 |  3.6
Stealth        | 1 2 3 |  3.6
Shields        | 1 2 3 |  3.6
Unarmed Combat | 1 2 3 |  3.6
Spellcasting   | 1 2 3 |  3.6
Evocations     | 1 2 3 |  3.6
Conjurations   | 1 2 |  2.9
Hexes          | 1 2 |  2.9
Summonings     | 1 2 |  2.9
Necromancy     | 1 2 |  2.9
Translocations | 1 2 |  2.9
Transmutations | 1 2 |  2.9
Fire Magic     | 1 2 |  2.9
Ice Magic      | 1 2 |  2.9
Air Magic      | 1 2 |  2.9
Earth Magic    | 1 2 |  2.9
Poison Magic   | 1 2 |  2.9
Dodging        | 3 4 |  4.5
Invocations    | 5 6 |  6.1
Axes           | 5 |  5.9
Armour         | 5 |  5.9
Fighting       | 7 |  7.5

Action                   |  1- 3 |  4- 6 |  7- 9 || total
-------------------------+-------+-------+-------++-------
Melee: Hand axe          |   102 |   162 |    87 ||   351
       Bite              |    12 |    19 |    14 ||    45
       Punch             |       |     5 |     3 ||     8
Throw: Dart              |       |     4 |    32 ||    36
Invok: Depart the Abyss  |     1 |       |       ||     1
       Bend Space        |       |       |     2 ||     2
  Use: Potion            |       |     5 |     2 ||     7
       Scroll            |       |     6 |     3 ||     9
 Stab: Sleeping          |     2 |       |       ||     2
       Invisible         |       |       |     1 ||     1
Armor: Leather armour    |    24 |       |       ||    24
       Ring mail         |    20 |    54 |    41 ||   115
       Skin              |       |    28 |       ||    28
       Chain mail        |       |       |     9 ||     9
Dodge: Dodged            |    75 |    93 |    77 ||   245

Table legend: (Time is in decaauts)
 A = Elapsed time spent in this place.
 B = Non-inter-level travel time spent in this place.
 C = Inter-level travel time spent in this place.
 D = Time resting spent in this place.
 E = Time spent auto-exploring this place.
 F = Levels seen in this place.
 G = Mean time per level.
                   A        B        C        D        E       F      G
               +--------+--------+--------+--------+--------+-----+--------+
         Total |   6559 |   6384 |    175 |    868 |   4307 |   6 | 1093.2 |
       Dungeon |   6549 |   6374 |    175 |    868 |   4298 |   5 | 1309.8 |
         Abyss |     10 |     10 |      0 |      0 |      9 |   1 |   10.0 |
               +--------+--------+--------+--------+--------+-----+--------+

Top non-repeatable levels by time:
     D:2: 1770 daAuts
     D:4: 1611 daAuts
     D:3: 1390 daAuts
     D:1: 907 daAuts
     D:5: 869 daAuts
 Abyss:1: 10 daAuts
